 Dungeon Crawl Stone Soup version 0.17.1-1-g73c8601 (webtiles) character file.

170 Runnr the Grave Robber (level 5, -2/35 HPs)
             Began as a Human Necromancer on Jan 1, 2016.
             Slain by an adder (3 damage)
             ... on level 3 of the Dungeon.
             The game lasted 00:07:31 (2590 turns).

Runnr the Grave Robber (Human Necromancer)          Turns: 2590, Time: 00:07:31

Health: -2/35      AC:  2    Str:  8    XL:     5   Next: 80%
Magic:  1/10       EV: 13    Int: 16    God:
Gold:   86         SH:  0    Dex: 14    Spells: 4 memorised, 3 levels left

rFire  . . .     SeeInvis .     q - +1 hand axe (freeze)
rCold  . . .     Clarity  .     a - +0 robe
rNeg   . . .     SustAt   .     (no shield)
rPois  .         Gourm    .     (no helmet)
rElec  .         Spirit   .     (no cloak)
rCorr  .         Warding  .     (no gloves)
rMut   .         Stasis   .     (no boots)
MR     .....                    (no amulet)
Stlth  ++........               (no ring)
                                (no ring)

@: lethally poisoned (-2 -> -12), very slightly contaminated, not resistant to
hostile enchantments, unstealthy
A: no striking features
a: no special abilities


You were on level 3 of the Dungeon.
You were not hungry.

You visited 1 branch of the dungeon, and saw 3 of its levels.

You collected 86 gold pieces.

Inventory:

Hand Weapons
 q - a +1 hand axe of freezing (weapon)
Armour
 a - a +0 robe (worn)
Jewellery
 l - an uncursed ring of fire {unknown}
Wands
 m - a wand of digging (16)
Scrolls
 d - 4 scrolls of identify {unknown}
 e - 2 scrolls of teleportation
 j - a scroll of remove curse {unknown}
 n - a scroll of immolation {unknown}
Potions
 f - a potion of mutation {unknown}
 g - a potion of heal wounds {unknown}
 h - a potion of flight {unknown}
 i - a potion of curing {unknown}
 p - a potion of agility {unknown}
Books
 b - a book of Necromancy

   Spells                             Type                      Level
   a - Pain                           Necromancy                   1
   b - Animate Skeleton               Necromancy                   1
   c - Vampiric Draining              Necromancy                   3
   d - Regeneration                   Charms/Necromancy            3
   e - Animate Dead                   Necromancy                   4
   f - Control Undead                 Necromancy                   4
Comestibles
 c - a bread ration
 k - a meat ration


   Skills:
 + Level 3.4 Dodging
 - Level 2.0 Stealth
 + Level 3.5 Spellcasting
 + Level 4.9 Necromancy


You had 3 spell levels left.
You knew the following spells:

 Your Spells              Type           Power        Failure   Level  Hunger
a - Pain                  Necr           ###.         2%          1    None
r - Regeneration          Chrm/Necr      ##........   21%         3    ###....
s - Animate Skeleton      Necr           N/A          2%          1    None
v - Vampiric Draining     Necr           ###.......   10%         3    ###....


Dungeon Overview and Level Annotations

Branches:
Dungeon (3/15)

Altars:
Ru

Annotations:
D:3 Flanowski's ghost, amateur VSAs


Message History

You closely miss the adder.
The adder is severely wounded.
* * * LOW HITPOINT WARNING * * *
You feel sick. The adder closely misses you. The adder bites you.
* * * LOW HITPOINT WARNING * * *
You are more poisoned.
The adder poisons you!
You miss the adder.
The adder is severely wounded.
* * * LOW HITPOINT WARNING * * *
You feel sick. The adder closely misses you. The adder barely misses you.
You barely miss the adder.
The adder is severely wounded.
* * * LOW HITPOINT WARNING * * *
You feel sick. The adder misses you.
You barely miss the adder.
The adder is severely wounded.
* * * LOW HITPOINT WARNING * * *
You feel sick. The adder bites you.
You die...

#....#.+............
#....#.#............
###..###....[.......
#....+.....b......
#.####............
#.#..<...#........
#.#.#.##.#........
#.#....#.#........
#@######.#........
#.S......#........
#######..#........
#..#........
#..#........ #..#


You could see an adder.

Vanquished Creatures
  Jessica (D:2)
  Terence (D:2)
  Natasha (twice) (D:2)
  3 adders
  An ooze (D:1)
  3 worms
  3 giant geckos
  A giant cockroach (D:2)
  A hobgoblin (D:2)
  5 jackals (D:1)
  A quokka (D:2)
  7 bats
  A giant newt (D:1)
  4 goblins
  5 kobolds
  6 rats
45 creatures vanquished.

Vanquished Creatures (collateral kills)
  An adder (D:2)
  A giant cockroach (D:2)
  A bat (D:2)
  A goblin (D:1)
4 creatures vanquished.

Grand Total: 49 creatures vanquished

Notes
Turn   | Place    | Note
--------------------------------------------------------------
     0 | D:1      | Runnr the Human Necromancer began the quest for the Orb.
     0 | D:1      | Reached XP level 1. HP: 13/13 MP: 3/3
   159 | D:1      | Learned a level 1 spell: Animate Skeleton
   310 | D:1      | Reached XP level 2. HP: 17/19 MP: 1/5
   803 | D:1      | Reached XP level 3. HP: 24/24 MP: 4/6
  1324 | D:2      | Noticed Terence
  1734 | D:2      | Learned a level 3 spell: Vampiric Draining
  1776 | D:2      | Reached XP level 4. HP: 25/30 MP: 2/8
  1912 | D:2      | Found a sacrificial altar of Ru.
  1977 | D:2      | Noticed Jessica
  1981 | D:2      | Killed Jessica
  2104 | D:2      | Learned a level 3 spell: Regeneration
  2120 | D:2      | Killed Terence
  2120 | D:2      | Reached XP level 5. HP: 22/35 MP: 3/9
  2269 | D:2      | Noticed Natasha
  2274 | D:2      | Killed Natasha
  2320 | D:3      | Noticed Flanowski's ghost (amateur VSAs)
  2340 | D:2      | Noticed Natasha
  2343 | D:2      | Killed Natasha
  2590 | D:3      | HP: 1/35 [poisoned by an adder]
  2590 | D:3      | Slain by an adder

Action                   |  1- 3 |  4- 6 || total
-------------------------+-------+-------++-------
Melee: Unarmed           |    17 |       ||    17
       Hand axe          |       |     6 ||     6
 Cast: Pain              |    63 |    52 ||   115
       Animate Skeleton  |     4 |     6 ||    10
  Use: Scroll            |     1 |       ||     1
  Eat: Chunk             |     2 |     4 ||     6
